 Dungeon Crawl Stone Soup version 0.27-a0-1232-gc6a4cbde82 (webtiles) character file.

Game seed: 11142311033374449609

726 mordus the Chiller (level 7, 0/52 HPs)
             Began as a Black Draconian Ice Elementalist on June 8, 2021.
             Slain by an ice beast (14 damage)
             ... on level 5 of the Dungeon.
             The game lasted 00:17:02 (6217 turns).

mordus the Chiller (DrIE)                           Turns: 6217, Time: 00:17:03

Health: 0/52       AC: 14    Str: 11    XL:     7   Next: 44%
Magic:  22/23      EV: 12    Int: 23    God:
Gold:   248        SH:  0    Dex: 11    Spells: 4/15 levels left

rFire    . . .     SeeInvis .   g - +0 dagger
rCold    . . .     Faith    .   (no shield)
rNeg     . . .     Spirit   .   (armour unavailable)
rPois    .         Reflect  .   (helmet restricted)
rElec    +         Harm     .   (no cloak)
rCorr    .         Rampage  .   (no gloves)
Will     .....                  (no boots)
Stlth    ++........             (no amulet)
HPRegen  0.17/turn              c - +6 ring of intelligence
MPRegen  0.18/turn              m - ring of magical power

@: ice-armoured, short of breath
A: breathe lightning, AC +6, unfitting armour, electricity resistance,
cold-blooded
a: Breathe Lightning


You were on level 5 of the Dungeon.
You visited 2 branches of the dungeon, and saw 6 of its levels.

You collected 248 gold pieces.

Inventory:

Hand Weapons
 g - a +0 dagger (weapon)
 s - a +1 whip of freezing
Armour
 e - a +0 buckler
Jewellery
 c - a +6 ring of intelligence (left hand)
 i - a ring of positive energy
 m - a ring of magical power (right hand)
Wands
 b - a wand of flame (22)
 j - a wand of iceblast (16)
 q - a wand of mindburst (10)
Scrolls
 d - 3 scrolls of teleportation {unknown}
 k - 2 scrolls of fear {unknown}
 n - a scroll of blinking {unknown}
 p - a scroll of enchant weapon {unknown}
 r - a scroll of summoning {unknown}
 t - 4 scrolls of identify {unknown}
Potions
 a - 2 potions of might
 f - a potion of degeneration {unknown}
 h - a potion of flight {unknown}
 l - a potion of brilliance {unknown}
 o - a potion of lignification {unknown}
 u - a potion of curing {unknown}


   Skills:
 + Level 1.2 Fighting
 + Level 2.2 Dodging
 - Level 1.7 Stealth
 * Level 4.7 Spellcasting
 * Level 7.6 Ice Magic


You had 4 spell levels left.
You knew the following spells:

 Your Spells              Type           Power      Damage    Failure   Level
a - Freeze                Ice            100%       1d11      1%          1
b - Frozen Ramparts       Ice            80%        1d10      1%          3
c - Ozocubu's Armour      Ice            40%        N/A       1%          3
d - Hailstorm             Conj/Ice       22%        3d7       21%         4

Your spell library contained the following spells:

 Spells                   Type           Power      Damage    Failure   Level
 Metabolic Englaciation   Hex/Ice        11%        N/A       50%         5


Dungeon Overview and Level Annotations

Branches:
Dungeon (5/15)             Temple (1/1) D:4

Altars:
Cheibriados
Dithmenos
Fedhas
Hepliaklqana
Kikubaaqudgha
Makhleb
Nemelex Xobeh
Okawaru
Qazlal
Ru
Sif Muna
Uskayaw
Vehumet
Yredelemnul
Zin
The Shining One

Shops:
D:2 (

Annotations:
D:3 Grinder


Innate Abilities, Weirdness & Mutations

You can breathe wild blasts of lightning.
Your glossy black scales are hard. (AC +6)
You cannot fit into any form of body armour.
You are resistant to electric shocks. (rElec)
You are cold-blooded and may be slowed by cold attacks.


Message History

You hit the ice beast but do no damage.
The ice beast is heavily wounded.
A dart slug comes into view.
The ice beast barely misses you. The scorpion zombie closely misses you.
You hit the ice beast but do no damage.
The ice beast is heavily wounded.
The ice beast closely misses you.
The scorpion zombie hits you but does no damage.
You hit the ice beast.
The ice beast is heavily wounded.
The ice beast hits you but does no damage.
The scorpion zombie hits you but does no damage.
You completely miss the ice beast.
The ice beast is heavily wounded.
The ice beast hits you but does no damage.
The scorpion zombie completely misses you.
You hit the ice beast.
The ice beast is heavily wounded.
The ice beast hits you but does no damage.
The scorpion zombie barely misses you.
You closely miss the ice beast.
The ice beast is heavily wounded.
The ice beast misses you.
The scorpion zombie hits you but does no damage.
You barely miss the ice beast. You tail-slap the ice beast.
The ice beast is heavily wounded.
The ice beast hits you but does no damage.
The scorpion zombie closely misses you.
You hit the ice beast.
The ice beast is severely wounded.
The ice beast barely misses you. The scorpion zombie closely misses you.
You hit the ice beast.
The ice beast is severely wounded.
The ice beast hits you but does no damage.
You barely miss the ice beast.
The ice beast is severely wounded.
The ice beast hits you.
* * * LOW HITPOINT WARNING * * *
The ice beast freezes you!
You die...

#................#....#.......#
.................###...#....#...
##...............# #.......####.
##......#.......# #.<....# #.
#..#####.......###.....# #.
.........##.....# ##.
..#......#.....## #..
##.......##...####..
##@...######...##.. ##Yw...#
##...... #.Z....# ###.... #
##....#..# #..#.. ###.
#....###.# #..##. ##...##
##....## ## #####.
.......####......# .
#.......#........# .
.................# .


You could see an ice beast, a dart slug and a scorpion zombie.

Vanquished Creatures
  Menkaure (D:5)
  A black bear (D:4)
  2 scorpions
  A centaur zombie (D:5)
  A jelly (D:5)
  A gnoll shaman (D:4)
  3 iguanas (D:5)
  Ijyb (D:3)
  An orc wizard (D:3)
  2 hound skeletons (D:4)
  4 gnolls (D:4)
  4 adders
  An ufetubus (D:5)
  2 worms (D:4)
  A dart slug (D:3)
  6 orcs
  4 bats
  2 endoplasms (D:1)
  4 giant cockroaches (D:4)
  4 goblins
  4 hobgoblins
  9 jackals
  3 quokkas
  6 ball pythons
  3 frilled lizards (D:2)
  3 kobolds
  3 rats
77 creatures vanquished.

Notes
Turn   | Place    | Note
-------+----------+-------------------------------------------
     0 | D:1      | mordus the Draconian Ice Elementalist began the quest for
                  | the Orb.
     0 | D:1      | Reached XP level 1. HP: 14/14 MP: 3/3
   612 | D:1      | Reached XP level 2. HP: 20/20 MP: 3/5
   868 | D:1      | Found a faded altar of an unknown god.
  1290 | D:1      | Reached XP level 3. HP: 22/26 MP: 4/6
  1297 | D:1      | Learned a level 3 spell: Frozen Ramparts
  1653 | D:2      | Found Saxomm's Antique Weapon Boutique.
  2422 | D:3      | Noticed Ijyb
  2433 | D:3      | Killed Ijyb
  2434 | D:3      | Reached skill level 5 in Ice Magic
  2434 | D:3      | Reached XP level 4. HP: 29/33 MP: 0/8
  2438 | D:3      | Learned a level 3 spell: Ozocubu's Armour
  2812 | D:3      | Noticed Grinder
  2827 | D:3      | Paralysed by Grinder for 5 turns
  2870 | D:3      | Paralysed by Grinder for 4 turns
  2875 | D:3      | HP: 1/33 [Grinder/nerve-wracking pain (5)]
  3194 | D:3      | Paralysed by Grinder for 4 turns
  3221 | D:3      | Paralysed by Grinder for 6 turns
  3244 | D:3      | Paralysed by Grinder for 4 turns
  3578 | D:3      | Paralysed by Grinder for 4 turns
  3594 | D:3      | Paralysed by Grinder for 5 turns
  3821 | D:4      | Identified the +2 rapier of Acongupt {vamp, Fly rElec Str-4
                  | SInv}
  3919 | D:4      | Found a staircase to the Ecumenical Temple.
  3928 | Temple   | Entered the Ecumenical Temple
  4231 | D:4      | Reached XP level 5. HP: 38/38 MP: 9/9
  4299 | D:4      | Reached skill level 6 in Ice Magic
  4374 | D:4      | Noticed a black bear
  4389 | D:4      | Killed a black bear
  4390 | D:4      | Reached XP level 6. HP: 43/45 MP: 11/11
  5450 | D:5      | Entered Level 5 of the Dungeon
  5460 | D:5      | Reached skill level 7 in Ice Magic
  5521 | D:5      | Learned a level 4 spell: Hailstorm
  5533 | D:5      | Your scales start taking on a glossy black colour.
  5533 | D:5      | Reached XP level 7. HP: 50/50 MP: 13/13
  5533 | D:5      | Gained mutation: You are resistant to electric shocks.
                  | (rElec) [Black Draconian growth]
  5605 | D:5      | Noticed Menkaure
  5777 | D:5      | Killed Menkaure
  5778 | D:5      | Reached skill level 1 in Fighting
  6217 | D:5      | Slain by an ice beast

Illustrated notes

Levels and vault maps discovered:
D:1:      scummos_arrival_simple_crosswalls, layout_basic,
          ebering_ecumenical_altar_hall
D:2:      layout_basic, serial_shops, shop
D:3:      layout_rooms, nrook_campfire, uniq_grinder, uniq_ijyb
D:4:      layout_layer_cave, minmay_temple_entry_statues_fountains,
          abandoned_shop
D:5:      layout_layer_cave, kennysheep_mini_moat, uniq_menkaure
Temple:   eino_temple_rhombus

Skill      XL: |  1  2  3  4  5  6  7 |
---------------+----------------------+-----
Ice Magic      | 5 6 7 |  7.6
Spellcasting   | 3 4 |  4.7
Fighting       | 1 |  1.2
Dodging        | 2 |  2.2
Stealth        | |  1.7

Action                   |  1- 3 |  4- 6 |  7- 9 || total
-------------------------+-------+-------+-------++-------
Melee: Unarmed           |    23 |       |       ||    23
       Tailslap          |     3 |    11 |    11 ||    25
       Dagger            |    17 |    99 |    56 ||   172
 Cast: Freeze            |    46 |    34 |     4 ||    84
       Frozen Ramparts   |     1 |    15 |     5 ||    21
       Ozocubu's Armour  |       |     6 |     2 ||     8
 Abil: Breathe Lightning |       |       |     2 ||     2
  Use: Scroll            |       |     1 |       ||     1
 Stab: Sleeping          |     3 |       |       ||     3
Armor: Skin              |    18 |    60 |    39 ||   117
Dodge: Dodged            |    56 |    76 |    59 ||   191

Table legend: (Time is in decaauts)
 A = Elapsed time spent in this place.
 B = Non-inter-level travel time spent in this place.
 C = Inter-level travel time spent in this place.
 D = Time resting spent in this place.
 E = Time spent auto-exploring this place.
 F = Levels seen in this place.
 G = Mean time per level.
                   A        B        C        D        E       F      G
               +--------+--------+--------+--------+--------+-----+--------+
         Total |   6217 |   6120 |     97 |   1412 |   3553 |   6 | 1036.2 |
       Dungeon |   6032 |   5942 |     90 |   1412 |   3471 |   5 | 1206.4 |
        Temple |    185 |    178 |      7 |      0 |     82 |   1 |  185.0 |
               +--------+--------+--------+--------+--------+-----+--------+

Top non-repeatable levels by time:
     D:4: 1659 daAuts
     D:1: 1586 daAuts
     D:2: 1276 daAuts
     D:5: 768 daAuts
     D:3: 741 daAuts
  Temple: 185 daAuts
